 Dungeon Sprint DCSS version 0.27-a0-1529-g1e82c303ef (webtiles) character file.

Game seed: 2587609609296654665

624 GenialerGandalf the Cleaver (level 7, -6/73 HPs)
             Began as a Hill Orc Fighter on July 12, 2021.
             Succumbed to Sonja's poison
             ... in the Dungeon (Sprint I: "Red Sonja").
             The game lasted 00:01:45 (877 turns).

GenialerGandalf the Cleaver (Hill Orc Fighter)       Turns: 877, Time: 00:01:46

Health: -6/73      AC:  8    Str: 21    XL:     7   Next: 47%
Magic:  7/7        EV:  9    Int:  8    God:
Gold:   190        SH: 11    Dex: 10    Spells: 6/6 levels left

rFire    . . .     SeeInvis .   a - +0 war axe
rCold    . . .     Faith    .   c - +0 kite shield
rNeg     . . .     Spirit   .   b - +0 scale mail
rPois    .         Reflect  .   (no helmet)
rElec    .         Harm     .   (no cloak)
rCorr    .         Rampage  .   (no gloves)
Will     .....     NoTele   +   (no boots)
Stlth    ..........             (no amulet)
HPRegen  0.22/turn              (no ring)
MPRegen  0.10/turn              (no ring)

@: lethally poisoned (-6 -> -44)
A: no striking features
a: no special abilities


You were in the Dungeon.
You visited 1 branch You collected 190 gold pieces.

Inventory:

Hand Weapons
 a - a +0 war axe (weapon)
Armour
 b - a +0 scale mail (worn)
 c - a +0 kite shield (worn)
Scrolls
 f - a scroll of acquirement {unknown}
Potions
 d - a potion of might
 g - a potion of haste
 h - 2 potions of magic
 i - a potion of berserk rage


   Skills:
 + Level 10.6 Fighting
 + Level 10.8 Axes
 + Level 8.8 Armour
 + Level 2.2 Dodging
 + Level 1.2 Stealth
 + Level 7.6 Shields
 + Level 1.7 Unarmed Combat


You had 6 spell levels left.
You didn't know any spells.
Your spell library was empty.

Dungeon Overview and Level Annotations

Branches:
Dungeon (1/1)

Altars:
Cheibriados
Dithmenos
Elyvilon
Fedhas
Gozag
Hepliaklqana
Kikubaaqudgha
Makhleb
Nemelex Xobeh
Okawaru
Qazlal
Ru
Sif Muna
Trog
Uskayaw
Vehumet
Wu Jian
Xom
Yredelemnul
Zin
The Shining One
Jiyva
Lugonu

Shops:
D :

Annotations:
D Sonja


Message History

You block the yak's attack.
Sonja hits you with a +1 dagger of venom.
You are lethally poisoned!
You block Sonja's attack.
Sonja hits you with a +1 dagger of venom.
You are more poisoned.
You slash the yak!
You kill the yak!
You miss Sonja.
* * * LOW HITPOINT WARNING * * *
You feel extremely sick.
Sonja hits you with a +1 dagger of venom.
* * * LOW HITPOINT WARNING * * *
You are more poisoned.
Sonja closely misses you. Sonja barely misses you.
Sonja hits you with a +1 dagger of venom.
* * * LOW HITPOINT WARNING * * *
Sonja hits you with a +1 dagger of venom.
* * * LOW HITPOINT WARNING * * *
You are more poisoned.
Sonja completely misses you.
Your Dodging skill increases to level 2!
Your Stealth skill increases to level 1!
You feel better.
You feel yourself speed up. Sonja barely misses you.
Sonja hits you but does no damage.
You are poisoned.
You block Sonja's attack.
Sonja hits you with a +1 dagger of venom!
* * * LOW HITPOINT WARNING * * *
You are lethally poisoned!
Sonja hits you with a +1 dagger of venom.
* * * LOW HITPOINT WARNING * * *
You are more poisoned.
Sonja hits you but does no damage.
You are more poisoned.
Blink to where?
Press: ? - help, Dir - move target
As you read the scroll of blinking, it crumbles to dust.
You die...

###################
#<.#..').#..'..#__#
#..').#..'..#..'..+
#..#####)#####'#__#
#..####..# #.####
#..#__#### ##.#
#..#_____##+#_.+
#⌠⌠#_.@...'§.._#
####_..__##K.#'#
#_____###'#.#
####### #.### $.$
$.$# ##.## #+#


You could see Sonja.

Vanquished Creatures
  A slime creature (D)
  Sigmund (D)
  A yak (D)
  An ogre (D)
  A jelly (D)
  Ijyb (D)
6 creatures vanquished.

Vanquished Creatures (others)
  A gargoyle (D)
1 creature vanquished.

Grand Total: 7 creatures vanquished

Notes
Turn   | Place    | Note
-------+----------+-------------------------------------------
     0 | D        | GenialerGandalf the Hill Orc Fighter began the quest for
                  | the Orb.
     0 | D        | Reached XP level 1. HP: 19/19 MP: 1/1
     2 | D        | Noticed Ijyb
    10 | D        | Killed Ijyb
    11 | D        | Reached skill level 5 in Fighting
    11 | D        | Reached XP level 2. HP: 18/29 MP: 2/2
    11 | D        | Reached XP level 3. HP: 22/36 MP: 3/3
   125 | D        | Noticed an ogre
   133 | D        | Killed an ogre
   134 | D        | Reached skill level 5 in Axes
   134 | D        | Reached skill level 5 in Shields
   134 | D        | Reached XP level 4. HP: 7/47 MP: 4/4
   343 | D        | Killed a gargoyle
   411 | D        | Noticed Sigmund
   434 | D        | Killed Sigmund
   435 | D        | Reached XP level 5. HP: 36/57 MP: 5/5
   435 | D        | Reached XP level 6. HP: 39/63 MP: 6/6
   552 | D        | Found a burning altar of Makhleb.
   552 | D        | Found a viscous altar of Jiyva.
   552 | D        | Found a shimmering altar of Xom.
   552 | D        | Found a corrupted altar of Lugonu.
   552 | D        | Noticed a slime creature
   570 | D        | HP: 1/63 [slime creature (6)]
   574 | D        | Killed a slime creature
   575 | D        | Reached skill level 10 in Fighting
   575 | D        | Reached skill level 1 in Dodging
   575 | D        | Reached skill level 1 in Unarmed Combat
   575 | D        | Reached XP level 7. HP: 13/72 MP: 7/7
   840 | D        | Found an ornate altar of the Wu Jian Council.
   840 | D        | Found a shimmering blue altar of Sif Muna.
   842 | D        | Found a radiant altar of Vehumet.
   846 | D        | Reached skill level 10 in Axes
   867 | D        | Noticed Sonja
   870 | D        | Found Uzamosk's Book Emporium.
   870 | D        | Found an ancient bone altar of Kikubaaqudgha.
   870 | D        | Found a hazy altar of Hepliaklqana.
   870 | D        | Found a stormy altar of Qazlal.
   870 | D        | Found a hide-covered altar of Uskayaw.
   870 | D        | Found a blossoming altar of Fedhas.
   870 | D        | Found a bloodstained altar of Trog.
   870 | D        | Found an iron altar of Okawaru.
   870 | D        | Found a basalt altar of Yredelemnul.
   870 | D        | Found a glowing golden altar of the Shining One.
   870 | D        | Found a snail-covered altar of Cheibriados.
   870 | D        | Found a sacrificial altar of Ru.
   870 | D        | Found a glowing silver altar of Zin.
   870 | D        | Found a shadowy altar of Dithmenos.
   870 | D        | Found a white marble altar of Elyvilon.
   870 | D        | Noticed a yak
   875 | D        | Killed a yak
   876 | D        | Reached skill level 1 in Stealth
   876 | D        | HP: 3/73 [Sonja (5)]
   877 | D        | Found an opulent altar of Gozag.
   877 | D        | Found a sparkling altar of Nemelex Xobeh.
   877 | D        | Succumbed to Sonja's poison

Illustrated notes

Levels and vault maps discovered:
D:        dungeon_sprint_1 [red_sonja_temple_1, red_sonja_temple_small_1]

Skill      XL: |  1  2  3  4  5  6  7 |
---------------+----------------------+-----
Fighting       | 5 7 9 10 | 10.6
Axes           | 3 5 7 9 10 | 10.8
Armour         | 4 6 7 8 |  8.8
Shields        | 4 5 6 7 |  7.6
Dodging        | 1 2 |  2.2
Unarmed Combat | 1 |  1.7
Stealth        | 1 |  1.2

Action                   |  1- 3 |  4- 6 |  7- 9 || total
-------------------------+-------+-------+-------++-------
Melee: War axe           |    14 |    22 |     7 ||    43
       Unarmed           |       |     5 |       ||     5
  Use: Potion            |       |     1 |     1 ||     2
       Scroll            |       |       |     1 ||     1
Armor: Scale mail        |     2 |     4 |     8 ||    14
Dodge: Dodged            |     3 |     9 |     6 ||    18
Block: Kite shield       |     7 |     9 |     9 ||    25

Table legend: (Time is in decaauts)
 A = Elapsed time spent in this place.
 B = Non-inter-level travel time spent in this place.
 C = Inter-level travel time spent in this place.
 D = Time resting spent in this place.
 E = Time spent auto-exploring this place.
 F = Levels seen in this place.
 G = Mean time per level.
                   A        B        C        D        E       F      G
               +--------+--------+--------+--------+--------+-----+--------+
         Total |    897 |    897 |      0 |    740 |      0 |   1 |  897.0 |
       Dungeon |    897 |    897 |      0 |    740 |      0 |   1 |  897.0 |
               +--------+--------+--------+--------+--------+-----+--------+

Top non-repeatable levels by time:
       D: 897 daAuts
